 Dungeon Crawl Stone Soup version 0.25-a0-661-g55ea3d2053 (webtiles) character file.

Game seed: 12065505192283166150, levelgen mode: deterministic

389 kae the Insei (level 6, -2/43 HPs)
             Began as a Merfolk Transmuter on Mar 23, 2020.
             Slain by Crazy Yiuf
             ... wielding a +4 quarterstaff of chaos
              (15 damage)
             ... on level 3 of the Dungeon.
             The game lasted 00:02:27 (3173 turns).

kae the Insei (Merfolk Transmuter)                  Turns: 3173, Time: 00:02:27

Health: -2/43      AC:  2    Str: 10    XL:     6   Next: 79%
Magic:  7/11       EV: 21    Int: 14    God:
Gold:   171        SH:  0    Dex: 20    Spells: 6/12 levels left

rFire    . . .     SeeInvis .     - Unarmed
rCold    . . .     Gourm    .   (shield currently unavailable)
rNeg     . . .     Faith    .   (armour currently unavailable)
rPois    x         Spirit   .   (helmet currently unavailable)
rElec    .         Reflect  .   (cloak currently unavailable)
rCorr    .         Harm     .   (gloves currently unavailable)
MR       .....                  (boots currently unavailable)
Stlth    ++........             (no amulet)
HPRegen  0.14/turn              (no ring)
MPRegen  0.12/turn              (no ring)

@: spider-form (expiring)
A: tiny, (change form in water), (swift swim), (stealthy swim)
a: End Transformation


You were on level 3 of the Dungeon.
You were not hungry.
You were a venomous arachnid creature.
You visited 1 branch of the dungeon, and saw 3 of its levels.

You collected 171 gold pieces.

Inventory:

Hand Weapons
 f - a +2 dagger of venom (melded)
Missiles
 a - 35 arrows
Armour
 b - a +0 robe
 e - a +0 pair of boots (melded)
 m - a +0 leather armour of poison resistance
 o - a +2 robe of resistance (melded)
Jewellery
 i - an uncursed amulet of rage
Wands
 c - a wand of flame (18)
Potions
 g - 2 potions of brilliance {unknown}
 h - 3 potions of curing {unknown}
 j - 4 potions of lignification {unknown}
 k - a potion of haste {unknown}
 l - 2 potions of invisibility {unknown}
 n - a potion of heal wounds {unknown}
 p - 2 potions of cancellation {unknown}
Comestibles
 d - 8 rations


   Skills:
 - Level 1.1 Fighting
 - Level 2.6 Dodging
 * Level 6.2 Unarmed Combat
 + Level 3.5 Spellcasting
 + Level 5.1 Transmutations


You had 6 spell levels left.
You knew the following spells:

 Your Spells              Type           Power        Failure   Level  Hunger
a - Beastly Appendage     Tmut           ###...       10%         1    #......
b - Sticks to Snakes      Tmut           ###.....     12%         2    ##.....
c - Spider Form           Tmut/Pois      #.........   43%         3    ###....

Your spell library contained the following spells:

 Spells                   Type           Power        Failure   Level  Hunger
 Ice Form                 Ice/Tmut       #.......     77%         4    #####..
 Blade Hands              Tmut           ###.......   77%         5    ######.


Dungeon Overview and Level Annotations

Branches:
Dungeon (3/15)

Altars:
Xom

Annotations:
D:3 Crazy Yiuf


Message History

Your +0 pair of boots melds into your body.
Your +2 robe of resistance melds into your body.
Your +2 dagger of venom stops dripping with poison.
You feel hot and cold all over.
You open the door.
Your transformation is almost over.
Crazy Yiuf grits, "Earwax!
Papa verde Xom."
You hit Crazy Yiuf.
Crazy Yiuf is lightly wounded.
Crazy Yiuf says, "Liver!"
Crazy Yiuf hits you with a +4 quarterstaff of chaos!
You are electrocuted!
You hit Crazy Yiuf.
Crazy Yiuf is moderately wounded.
Crazy Yiuf hits you with a +4 quarterstaff of chaos.
Crazy Yiuf freezes you.
You closely miss Crazy Yiuf.
Crazy Yiuf is moderately wounded.
Crazy Yiuf hits you with a +4 quarterstaff of chaos!
You die...

.#
#.###.####..######
#..###. ## #.###.#
#....# #.#.#.# #
#.....# ♣....♣
#.##.## # #######
♣...♣♣ #.##... #
♣♣.♣♣ ##.##... #
♣.♣♣ #.....## #
♣♣.♣ #..#### #
♣.♣♣ #..# # ######
♣♣s♣ #..##### #
##....# *#g#*
#.......
######...### *...*
#.######
.......).# #...#
#.# ######...#
#..)# #.# #####
##### #.# #####.#
#.....# #######


You could see Crazy Yiuf.

Vanquished Creatures
  Sigmund (D:2)
  Jessica (D:2)
  Ijyb (D:3)
  Natasha (twice) (D:3)
  Robin (D:2)
  3 adders
  3 oozes
  4 worms
  2 dart slugs
  2 leopard geckos
  3 orcs (D:3)
  4 giant cockroaches
  12 goblins
  10 hobgoblins
  6 kobolds
  8 bats
  4 frilled lizards
  4 rats
71 creatures vanquished.

Notes
Turn   | Place    | Note
-------+----------+-------------------------------------------
     0 | D:1      | kae the Merfolk Transmuter began the quest for the Orb.
     0 | D:1      | Reached XP level 1. HP: 15/15 MP: 3/3
   257 | D:1      | Reached XP level 2. HP: 20/21 MP: 5/5
   553 | D:1      | Reached skill level 4 in Unarmed Combat
   553 | D:1      | Reached XP level 3. HP: 25/26 MP: 4/6
  1107 | D:2      | Noticed Sigmund
  1116 | D:2      | Killed Sigmund
  1116 | D:2      | Reached skill level 5 in Unarmed Combat
  1116 | D:2      | Reached XP level 4. HP: 20/32 MP: 6/8
  1116 | D:2      | Reached XP level 5. HP: 23/37 MP: 6/9
  1170 | D:2      | Found a shimmering altar of Xom.
  1170 | D:2      | Found a shimmering altar of Xom.
  1188 | D:2      | Found a shimmering altar of Xom.
  1197 | D:2      | Found a shimmering altar of Xom.
  1203 | D:2      | Learned a level 2 spell: Sticks to Snakes
  1207 | D:2      | Learned a level 3 spell: Spider Form
  1207 | D:2      | Found a shimmering altar of Xom.
  1297 | D:2      | Found a faded altar of an unknown god.
  1338 | D:2      | Noticed Jessica
  1345 | D:2      | Killed Jessica
  1345 | D:2      | Reached XP level 6. HP: 40/43 MP: 10/10
  1514 | D:2      | Noticed Robin
  1522 | D:2      | Killed Robin
  2631 | D:3      | Noticed Ijyb
  2649 | D:3      | Killed Ijyb
  2649 | D:3      | Reached skill level 6 in Unarmed Combat
  2743 | D:3      | Noticed Natasha
  2751 | D:3      | Killed Natasha
  2751 | D:3      | Reached skill level 5 in Transmutations
  3101 | D:3      | Noticed Natasha
  3107 | D:3      | Killed Natasha
  3162 | D:3      | Found a runed translucent door.
  3163 | D:3      | Noticed Crazy Yiuf
  3173 | D:3      | Slain by Crazy Yiuf

Levels and vault maps discovered:
D:1:      onia_arrival_pyramid, layout_loops_corners
D:2:      layout_basic, chequers_ecumenical_altar_simple, xom_redecorated,
          uniq_sigmund, uniq_jessica, uniq_robin
D:3:      layout_loops_ring, uniq_natasha, uniq_crazy_yiuf_cottage, uniq_ijyb

Skill      XL: |  1  2  3  4  5  6 |
---------------+-------------------+-----
Transmutations | 3 4 5 |  5.1
Unarmed Combat | 4 5 6 |  6.2
Spellcasting   | 3 |  3.5
Fighting       | |  1.1
Dodging        | |  2.6

Action                   |  1- 3 |  4- 6 || total
-------------------------+-------+-------++-------
Melee: Dagger            |    45 |   159 ||   204
       Unarmed           |     4 |     3 ||     7
       Headbutt          |     5 |     9 ||    14
       Punch             |       |     3 ||     3
 Cast: Beastly Appendage |     9 |    16 ||    25
       Spider Form       |       |     1 ||     1
  Use: Scroll            |     1 |     3 ||     4
 Stab: Sleeping          |     1 |     2 ||     3
  Eat: Chunk             |       |     8 ||     8
Armor: Robe              |     8 |    43 ||    51
Dodge: Dodged            |    27 |    74 ||   101

Table legend:
 A = Non-vault XP
 B = Vault XP
 C = Vault XP percentage of total XP
 D = Non-vault monster count
 E = Vault monster count
 F = Vault count percentage of total count
                 A         B        C        D         E       F
            +---------+---------+-------+---------+---------+-------
      Total |     204 |     353 |  63.4 |      61 |      10 |  14.1
            +---------+---------+-------+---------+---------+-------
        D:1 |      48 |       0 |   0.0 |      20 |       0 |   0.0
        D:2 |      62 |     284 |  82.1 |      22 |       8 |  26.7
        D:3 |      94 |      69 |  42.3 |      19 |       2 |   9.5
            +---------+---------+-------+---------+---------+-------
